AoeStats
← serkan0735

Arabia

510601729Analyzed
1v1 RM · 1d ago on Oct 1, 2026· 57m 55s· 2 players
Game mode
Random Map
Map size
Tiny (2 player)
Population
200
Speed
Normal
Resources
Standard
Victory
Conquest
Starting age
Dark Age
Ending age
Imperial Age
RankedLock teamsTeams togetherTeam positionsShared explorationLock speedFull tech treeHidden civsTurbo modeCheats
Victory
Defeat
🇹🇷 Turks · Türkiye
978
+15
🇹🇷 Saracens · Türkiye
964
-15
serkan0735
6:44 Loom
9:33 Feudal Age
16:07 Bloodlines
15:49 Double-Bit Axe
18:19 Forging
25:34 Castle Age
24:37 Stone Mining
24:34 Horse Collar
27:46 Pikeman
28:27 Squires
28:12 Arson
29:22 Fletching
29:33 Padded Archer Armor
31:05 Bow Saw
32:00 Wheelbarrow
30:54 Crossbowman
31:39 Thumb Ring
30:56 Elite Skirmisher
31:51 Bodkin Arrow
32:12 Leather Archer Armor
37:25 Ballistics
38:53 Hand Cart
41:50 Imperial Age
50:09 Conscription
Cicikso
6:25 Loom
8:24 Loom
10:18 Feudal Age
12:43 Man-at-Arms
23:50 Castle Age
21:38 Double-Bit Axe
22:42 Horse Collar
25:00 Husbandry
25:11 Bloodlines
25:14 Heavy Plow
25:59 Wheelbarrow
27:45 Hand Cart
30:06 Fletching
30:28 Padded Archer Armor
30:57 Thumb Ring
31:57 Town Watch
32:55 Bodkin Arrow
34:57 Town Patrol
35:45 Leather Archer Armor
36:50 Sipahi
37:12 Ballistics
39:37 Scale Barding Armor
45:21 Stone Mining
45:21 Gold Mining
49:34 Imperial Age
48:53 Chain Barding Armor
50:33 Elite Janissary
52:40 Artillery
55:05 Ring Archer Armor
Connection lost

Rejoining the realm…

Still unreachable

The connection could not be restored.

Session expired

The server has moved on; the page needs a fresh start.